 Dungeon Crawl Stone Soup version 0.28-a0-1506-g3893175d92 (webtiles) character file.

Game seed: 5486452006717430595

51 blank1 the Shield-Bearer (level 3, -1/33 HPs)
             Began as a Minotaur Fighter on Jan 14, 2022.
             Slain by Terence (2 damage)
             ... on level 2 of the Dungeon.
             The game lasted 00:02:18 (1272 turns).

blank1 the Shield-Bearer (Minotaur Fighter)         Turns: 1272, Time: 00:02:19

Health: -1/33      AC:  7    Str: 22    XL:     3   Next: 58%
Magic:  2/2        EV:  9    Int:  5    God:
Gold:   59         SH:  4    Dex:  9    Spells: 2/2 levels left

rFire   . . .      SeeInvis .   a - +0 flail
rCold   . . .      Faith    .   c - +0 buckler
rNeg    . . .      Spirit   .   b - +0 scale mail
rPois   .          Reflect  .   (helmet restricted)
rElec   .          Harm     .   (no cloak)
rCorr   .          Rampage  .   (no gloves)
Will    .....                   (no boots)
Stlth   ..........              (no amulet)
HPRegen 0.11/turn               (no ring)
MPRegen 0.08/turn               (no ring)

@: no status effects
A: horns 2, retaliatory headbutt
a: no special abilities


You were on level 2 of the Dungeon.
You visited 1 branch of the dungeon, and saw 2 of its levels.

You collected 59 gold pieces.

Inventory:

Hand Weapons
 a - a +0 flail (weapon)
Armour
 b - a +0 scale mail (worn)
 c - a +0 buckler (worn)
Scrolls
 f - a scroll of teleportation {unknown}
 g - a scroll of amnesia {unknown}
Potions
 d - a potion of might
 e - 2 potions of curing {unknown}
 h - 2 potions of berserk rage {unknown}
 i - a potion of flight {unknown}


   Skills:
 - Level 4.0 Fighting
 + Level 3.3 Maces & Flails
 - Level 4.0 Armour
 + Level 1.6 Dodging
 - Level 4.0 Shields


You had 2 spell levels left.
You didn't know any spells.
Your spell library was empty.

Dungeon Overview and Level Annotations

Branches:
Dungeon (2/15)

Altars:

Annotations:
D:2 Terence


Innate Abilities, Weirdness & Mutations

You have a pair of horns on your head.
You reflexively headbutt those who attack you in melee.


Message History

Terence misses you.
Terence says, "Rest in peace."
Terence says, "Don't bother to defend, it's senseless."
Terence says, "How do you enjoy it?"
You see here a +0 quarterstaff.
There is a stone staircase leading up here.
Terence closely misses you.
You climb upwards.
There is a stone staircase leading down here.
You start resting.
HP restored.
You climb downwards.
Level annotation: Terence
There is a stone staircase leading up here.
Terence is nearby!
You block Terence's attack.
Terence hits you with a +2 trident of flaming.
Terence burns you.
You completely miss Terence. Your headbutt misses Terence.
You block Terence's attack.
You hit Terence.
Terence is moderately wounded.
Terence hits you with a +2 trident of flaming.
Terence burns you.
You hit Terence but do no damage.
Terence is moderately wounded.
Terence hits you with a +2 trident of flaming.
Terence burns you.
Terence hits you with a +2 trident of flaming!
Terence burns you.
* * * LOW HITPOINT WARNING * * *
You hit Terence.
Terence is heavily wounded.
You block Terence's attack.
You barely miss Terence.
Terence is heavily wounded.
Terence hits you with a +2 trident of flaming!
* * * LOW HITPOINT WARNING * * *
Terence burns you.
You die...

#......######.#>..
.(....
#......#.........#
#..##
#........#........
##.##
#..........#####
#.##
#......#.......# ..
#...
#......#.......# #.
##.).
########.......#
#.# #..## #<......#
..## #.## #...@...#
..# #@# #...@...#
#.# #.# #.......#
#.###.# #.......#
#.....# #.......#
#..####
#.......#####.###
#####....#..@...###
####.#...####...##.
#.........####.....


You could see Terence.

Vanquished Creatures
  2 adders
  3 ball pythons
  7 endoplasms
  A giant cockroach (D:1)
  A goblin (D:1)
  2 hobgoblins (D:1)
  3 jackals (D:1)
  2 quokkas (D:1)
  2 bats (D:2)
  4 kobolds (D:1)
  3 rats
30 creatures vanquished.

Notes
Turn   | Place    | Note
-------+----------+-------------------------------------------
     0 | D:1      | blank1 the Minotaur Fighter began the quest for the Orb.
     0 | D:1      | Reached XP level 1. HP: 19/19 MP: 0/0
    67 | D:1      | Reached XP level 2. HP: 26/27 MP: 1/1
   393 | D:1      | Reached skill level 1 in Dodging
   600 | D:1      | Reached XP level 3. HP: 33/33 MP: 2/2
   839 | D:2      | Found a faded altar of an unknown god.
   967 | D:2      | Noticed Terence
   973 | D:2      | HP: 1/33 [Terence (1)]
  1272 | D:2      | HP: 1/33 [Terence (7)]
  1272 | D:2      | Slain by Terence

Illustrated notes

Levels and vault maps discovered:
D:1:      heliophobic_arrival_enchanted_forest, layout_rooms
D:2:      layout_rooms, nicolae_ecumenical_oubliette, uniq_terence, uniq_sigmund

Skill      XL: |  1  2 |
---------------+-------+-----
Dodging        | 1 |  1.6
Fighting       | 4 |  4.0
Maces & Flails | 3 |  3.3
Armour         | 4 |  4.0
Shields        | 4 |  4.0

Action                   || total
-------------------------++-------
Melee: Flail             ||    61
       Headbutt          ||     7
Armor: Scale mail        ||    22
Dodge: Dodged            ||    29
Block: Buckler           ||    17

Table legend: (Time is in decaauts)
 A = Elapsed time spent in this place.
 B = Non-inter-level travel time spent in this place.
 C = Inter-level travel time spent in this place.
 D = Time resting spent in this place.
 E = Time spent auto-exploring this place.
 F = Levels seen in this place.
 G = Mean time per level.
                   A        B        C        D        E       F      G
               +--------+--------+--------+--------+--------+-----+--------+
         Total |   1291 |   1287 |      4 |    223 |    826 |   2 |  645.5 |
       Dungeon |   1291 |   1287 |      4 |    223 |    826 |   2 |  645.5 |
               +--------+--------+--------+--------+--------+-----+--------+

Top non-repeatable levels by time:
     D:1: 840 daAuts
     D:2: 451 daAuts
